 Dungeon Crawl Stone Soup version 0.32-a0-616-g9348d4545b (webtiles) character file.

Game seed: 10926440639952650023

58 cforsyth the Grave Robber (level 3, -4/29 HPs)
             Began as a Mountain Dwarf Necromancer on Mar 6, 2024.
             Slain by an ogre
             ... wielding a +0 giant club
              (11 damage)
             ... on level 4 of the Dungeon.
             The game lasted 00:02:38 (3177 turns).

cforsyth the Grave Robber (MDNe)                    Turns: 3177, Time: 00:02:38

Health: -4/29      AC: 12    Str: 12    XL:     3   Next: 75%
Magic:  0/5        EV:  6    Int: 15    God:
Gold:   92         SH:  5    Dex: 10    Spells: 4/5 levels left

rFire   + . .        j - +0 hand axe
rCold   . . .        (no shield)
rNeg    . . .        p - +2 chain mail {rF+}
rPois   .            (no helmet)
rElec   .            o - +1 cloak
rCorr   .            (no gloves)
SInv    .            (no boots)
Will    .....        c - amulet of reflection Stlth
                     (no ring)
HPRegen 0.24/turn    (no ring)
MPRegen 0.09/turn

%: reflection
@: invisible
A: runic magic, artefact enchanting
a: no special abilities


You were on level 4 of the Dungeon.
You visited 1 branch of the dungeon, and saw 4 of its levels.

You collected 92 gold pieces.


Innate Abilities, Weirdness & Mutations

Your spellcasting is much less encumbered by armour.
You can use scrolls of enchantment on lesser artefacts.


   Skills:
 + Level 2.2 Fighting
 + Level 1.1 Axes
 + Level 1.0 Armour
 - Level 1.3 Dodging
 - Level 1.4 Stealth
 - Level 1.7 Spellcasting
 + Level 5.0 Necromancy


You had 4 spell levels left.
You knew the following spells:

 Your Spells              Type           Power      Damage    Failure   Level
X - Necrotise             Necr           64%        1d7       6%          1

Your spell library contained the following spells:

 Spells                   Type           Power      Damage    Failure   Level
 Vampiric Draining        Necr           16%        2d7       19%         3
 Animate Dead             Necr           16%        N/A       54%         4
 Tukima's Dance           Hex            1%         N/A       83%         3
 Passage of Golubria      Tloc           1%         N/A       99%         4
 Curse of Agony           Necr           16%        N/A       87%         5
 Summon Forest            Summ/Tloc      0%         N/A       100%        5
 Yara's Violent Unravell  Hex/Alch       0%         3d3       100%        5
 Conjure Ball Lightning   Conj/Air       0%         3x3d6     100%        6
 Eringya's Noxious Bog    Alch           0%         4d6       100%        6
 Summon Hydra             Summ           0%         N/A       100%        7
 Discord                  Hex            0%         N/A       100%        8
 Disjunction              Tloc           0%         N/A       100%        8

Inventory:

Hand Weapons
 j - a +0 hand axe (weapon)
 n - a +0 war axe
Armour
 o - a +1 cloak (worn)
 p - a +2 chain mail of fire resistance (worn)
Jewellery
 c - an amulet of reflection (around neck)
Scrolls
 a - a scroll of poison {unknown}
 i - a scroll of silence {unknown}
 q - a scroll of identify {@r1}
 r - a scroll of acquirement {unknown}
Potions
 b - a potion of magic
 d - a potion of enlightenment {unknown}
 e - a potion of heal wounds {unknown}
 f - a potion of brilliance {unknown}
 g - a potion of invisibility
 h - a potion of ambrosia {unknown}
 k - a potion of haste {unknown}
 l - a potion of lignification {unknown}
 m - a potion of curing {unknown}

Dungeon Overview and Level Annotations

Branches:
Dungeon (4/15)
 Temple: D:4-7

Altars:
Vehumet

Annotations:
D:3 4 runed translucent doors, Crazy Yiuf; javelincjr's ghost, amateur DjHW

........##.....##
.......#<#.....#
....P..Z.#.....#
..####.#.#.....#
. #.#.#.#'###
#.#.#.#.#
#.#...#.#
..#####.#
..#.@...#
#.#O####▓ #. #.
#. #. #. #.


You could see an ogre (unable to see you).


Message History

The dead are slithering!
You can't see any susceptible monsters within range! (Use Z to cast anyway.)
You can't see any susceptible monsters within range! (Use Z to cast anyway.) Magic restored.
There is a stone staircase leading up here.
Found a scroll of identify.
q - a scroll of identify {@r1} You open the door.
Your ball python skeleton crumbles into dust!
There is an open door here.
An ogre comes into view. It is wielding a +0 giant club.
The ogre shouts!
An ogre is nearby!
An ogre is nearby!
The ogre writhes in agony.
The ogre writhes in agony.
The ogre writhes in agony.
The ogre struggles to resist.
The ogre struggles to resist.
You block the ogre's attack.
You are out of magic!
You hit the ogre.
The ogre is heavily wounded.
You barely miss the ogre.
The ogre is heavily wounded.
The ogre hits you with a +0 giant club!!
Ouch! That really hurt!
* * * LOW HITPOINT WARNING * * *
You fade into invisibility!
The ogre hits you with a +0 giant club!
You die...

Skill      XL: |  1  2  3 |
---------------+----------+-----
Fighting       | 1 2 |  2.2
Necromancy     | 5 |  5.0
Axes           | 1 |  1.1
Armour         | 1 |  1.0
Dodging        | |  1.3
Stealth        | |  1.4
Spellcasting   | |  1.7

Action                     || total
---------------------------++-------
  Melee: Unarmed           ||     1
         Punch             ||     1
         Hand axe          ||    18
   Cast: Necrotise         ||    64
    Use: Scroll            ||     1
         Potion            ||     1
 Armour: Chain mail        ||    37
  Dodge: Dodged            ||    13
  Block: Other             ||     6

Levels and vault maps discovered:
D:1:      dpeg_arrival_houses_and_road, layout_basic
D:2:      layout_loops_ring, basic_altar
D:3:      layout_loops_corners, gammafunk_ghost_necromancy,
          uniq_crazy_yiuf_cottage
D:4:      corexii_shack_village, layout_basic, amcnicky_altar_gilded,
          hangedman_decor_clover_reticule, corexii_corridor_pit,
          kennysheep_generic_room_10

Notes
Turn   | Place    | Note
-------+----------+-------------------------------------------
     0 | D:1      | cforsyth the Mountain Dwarf Necromancer began the quest for
                  | the Orb.
     0 | D:1      | Reached XP level 1. HP: 14/14 MP: 3/3
  1127 | D:1      | Reached skill level 1 in Fighting
  1253 | D:2      | Found a radiant altar of Vehumet.
  1304 | D:2      | Reached XP level 2. HP: 23/23 MP: 2/4
  2020 | D:3      | Found a runed translucent gate.
  2021 | D:3      | Found a runed translucent gate.
  2070 | D:3      | Reached XP level 3. HP: 29/29 MP: 3/5
  2093 | D:3      | Found a runed translucent gate.
  2095 | D:3      | Noticed javelincjr's ghost (amateur DjHW)
  2156 | D:3      | Reached skill level 2 in Fighting
  2243 | D:3      | Found a runed translucent door.
  2244 | D:3      | Noticed Crazy Yiuf
  2439 | D:3      | Reached skill level 5 in Necromancy
  2596 | D:3      | Reached skill level 1 in Axes
  2848 | D:3      | Reached skill level 1 in Armour
  3169 | D:4      | Noticed an ogre
  3177 | D:4      | Slain by an ogre

Vanquished Creatures
  2 adders
  2 dart slugs
  A ribbon worm (D:3)
  5 ball pythons
  An endoplasm (D:3)
  2 goblins
  3 hobgoblins
  3 quokkas
  3 bats
  A frilled lizard (D:2)
  4 kobolds
  3 rats
30 creatures vanquished.

Vanquished Creatures (collateral kills)
  An endoplasm (D:3)
1 creature vanquished.

Grand Total: 31 creatures vanquished

Table legend: (Time is in decaauts)
 A = Elapsed time spent in this place.
 B = Non-inter-level travel time spent in this place.
 C = Inter-level travel time spent in this place.
 D = Time resting spent in this place.
 E = Time spent auto-exploring this place.
 F = Levels seen in this place.
 G = Mean time per level.
                   A        B        C        D        E       F      G
               +--------+--------+--------+--------+--------+-----+--------+
         Total |   3181 |   2979 |    202 |      0 |   2689 |   4 |  795.2 |
       Dungeon |   3181 |   2979 |    202 |      0 |   2689 |   4 |  795.2 |
               +--------+--------+--------+--------+--------+-----+--------+

Top non-repeatable levels by time:
     D:3: 1279 daAuts
     D:1: 1218 daAuts
     D:2: 631 daAuts
     D:4: 51 daAuts

Table legend:
 A = Non-vault XP
 B = Vault XP
 C = Vault XP percentage of total XP
 D = Non-vault monster count
 E = Vault monster count
 F = Vault count percentage of total count
                 A         B        C        D         E       F
            +---------+---------+-------+---------+---------+-------
      Total |      83 |       0 |   0.0 |      31 |       0 |   0.0
            +---------+---------+-------+---------+---------+-------
        D:1 |       9 |       0 |   0.0 |       5 |       0 |   0.0
        D:2 |      23 |       0 |   0.0 |       6 |       0 |   0.0
        D:3 |      49 |       0 |   0.0 |      19 |       0 |   0.0
        D:4 |       2 |       0 |   0.0 |       1 |       0 |   0.0
            +---------+---------+-------+---------+---------+-------
